 Dungeon Crawl Stone Soup version 0.23.2-33-g5129a83 (webtiles) character file.

Game seed: 14623859537567711994

7534 ned the Cleaver (level 10, -3/88 HPs)
             Began as a Minotaur Gladiator on Aug 10, 2019.
             Was a High Priest of Okawaru.
             Slain by a yak (6 damage)
             ... on level 1 of the Lair of Beasts on Aug 11, 2019.
             The game lasted 00:20:25 (10760 turns).

ned the Cleaver (Minotaur Gladiator)               Turns: 10760, Time: 00:20:26

Health: -3/88      AC: 15    Str: 19      XL:     10   Next: 96%
Magic:  13/13      EV: 12    Int:  3 (6)  God:    Okawaru [*****.]
Gold:   492        SH:  0    Dex: 15 (16) Spells: 9/14 levels left

rFire    . . .     SeeInvis .   a - +0 war axe
rCold    . . .     Gourm    .   (no shield)
rNeg     . . .     Faith    +   i - +0 chain mail
rPois    .         Spirit   .   c - +0 hat
rElec    .         Reflect  .   (no cloak)
rCorr    .         Harm     .   (no gloves)
MR       .....                  q - +0 pair of boots
Stlth    ..........             n - amulet of faith
HPRegen  0.24/turn              k - ring of flight
MPRegen  0.13/turn              o - +1 ring of protection

@: no status effects
A: retaliatory headbutt, horns 2, icy blue scales 1, thin skeletal structure 1,
blurry vision 1, deterioration 1
a: Heroism, Finesse, Renounce Religion, Evoke Flight


You were on level 1 of the Lair of Beasts.
You worshipped Okawaru.
Okawaru was extremely pleased with you.
You were very hungry.

You visited 3 branches of the dungeon, and saw 11 of its levels.
You also visited: Sewer.

You collected 492 gold pieces.

Inventory:

Hand Weapons
 a - a +0 war axe (weapon)
 m - a +2 vampiric short sword
 E - a +0 shortbow
 F - a +0 lajatang
Missiles
 d - 4 throwing nets (quivered)
 s - 85 arrows
 w - 7 curare-tipped needles
 B - 10 javelins
Armour
 b - a +0 leather armour
 c - a +0 hat (worn)
 i - a +0 chain mail (worn)
 q - a +0 pair of boots (worn)
 I - the +2 robe of Zin's Generosity {rF+ MR- Stlth+}
   (You found it on level 7 of the Dungeon)

   It protects you from fire.
   It affects your resistance to hostile enchantments.
   It makes you more stealthy.
Jewellery
 k - a ring of flight (left hand)
 n - an amulet of faith (around neck)
 o - a +1 ring of protection (right hand)
 p - an uncursed ring of fire
Wands
 l - a wand of iceblast (10)
 D - a wand of paralysis (1)
 H - a wand of random effects (9)
 L - a wand of flame (14)
 O - a wand of acid (7)
Scrolls
 e - 5 scrolls of identify
 g - 6 scrolls of fear {unknown}
 j - 3 scrolls of teleportation
 r - 2 scrolls of enchant armour {unknown}
 t - 3 scrolls of amnesia
 u - 3 scrolls of remove curse
 v - a scroll of immolation
 y - 2 scrolls of magic mapping
 A - a scroll of enchant weapon {unknown}
 K - a scroll of noise {unknown}
 M - a scroll of fog {unknown}
Potions
 h - a potion of magic
 x - 3 potions of flight
 z - a potion of cancellation
 C - 3 potions of haste
 G - a potion of agility
 J - a potion of ambrosia {unknown}
 N - a potion of degeneration {unknown}
 P - a potion of invisibility
Comestibles
 f - 13 rations


   Skills:
 + Level 8.0 Fighting
 * Level 11.3 Axes
 - Level 2.0 Throwing
 + Level 7.5 Armour
 + Level 7.8 Dodging
 + Level 2.9 Spellcasting
 + Level 2.9 Hexes
 + Level 3.2 Ice Magic
 + Level 3.8 Evocations


You had 9 spell levels left.
You knew the following spells:

 Your Spells              Type           Power        Failure   Level  Hunger
a - Ensorcelled Hibernat  Hex/Ice        #.....       87%         2    ###....
b - Confuse               Hex            #.......     98%         3    ####...

Your spell library contained the following spells:

 Spells                   Type           Power        Failure   Level  Hunger
 Confusing Touch          Hex            #.....       77%         1    ##.....
 Corona                   Hex            #......      77%         1    ##.....
 Tukima's Dance           Hex            #.......     98%         3    ####...
 Dazzling Spray           Conj/Hex       #.....       100%        3    ####...
 Gell's Gravitas          Tloc           #.........   100%        3    ####...
 Petrify                  Tmut/Erth      #.......     100%        4    #####..
 Metabolic Englaciation   Hex/Ice        #.........   100%        5    ######.
 Yara's Violent Unravell  Hex/Tmut       #.........   100%        5    ######.


Dungeon Overview and Level Annotations

Branches:
Dungeon (9/15)             Temple (1/1) D:5            Lair (1/6) D:8
    Orc: D:9-12

Altars:
Ashenzari
Cheibriados
Dithmenos
Fedhas
Gozag
Hepliaklqana
Kikubaaqudgha
Nemelex Xobeh
Okawaru
Qazlal
Ru
Sif Muna
Trog
Uskayaw
Vehumet
Wu Jian
Xom
Yredelemnul
Zin
The Shining One

Annotations:
Lair:1 1 runed translucent door, BigBluFrog's ghost, journeyman BaAK


Innate Abilities, Weirdness & Mutations

You reflexively headbutt those who attack you in melee.
You have a pair of horns on your head.
You are partially covered in icy blue scales. (AC +2)
You have a somewhat thin skeletal structure. (Dex +2, Stealth)
Scrolls take you a little longer to read.
Your body sometimes deteriorates upon taking damage.


Message History

The yak is moderately wounded.
Your chain mail prevents you from hitting the yak.
You slash the yak!
You kill the yak!
Okawaru accepts your kill.
You feel your dexterity returning.
Your Fighting skill increases to level 8!
The yak gores you.
* * * LOW HITPOINT WARNING * * *
The yak gores you but does no damage.
You slash the yak! Your headbutt misses the yak.
The yak is heavily wounded.
You slash the yak! The yak completely misses you.
The yak gores you but does no damage.
You hit the yak. You headbutt the yak.
The yak is severely wounded.
You hit the yak. The yak barely misses you. The yak gores you!
* * * LOW HITPOINT WARNING * * *
The yak gores you.
You die...

.. #......# # .+ ##.##.## # ##.##
###..# #..P## #.## #.†.# ##.####
### #..# #.....## #####
##.####.### ####......# ..#P#
#.......†.###.##......# ### ..'.#
#.......YY@..###.....## #..
..P.###.........##.###.....#####.
..#...#.........##..##.....#.##..
..##P...........##..##...........
..####....>.....###.....!..######
### ##.........# ###......# #
#.#####...## ##.....# #####.....#
##..### ## ##..^##### #...##


You could see 2 yaks.

Vanquished Creatures
  Harold (D:8)
  Erica (D:8)
  2 komodo dragons (Lair:1)
  A troll (D:8)
  A hornet (D:6)
  A wyvern (D:8)
  3 yaks (Lair:1)
  A basilisk (Lair:1)
  Edmund (D:4)
  4 water moccasins (Lair:1)
  A porcupine (Lair:1)
  A black bear (D:6)
  2 ice beasts
  2 sky beasts
  3 orc warriors
  4 ogres
  5 wolves
  2 centaurs (D:7)
  2 big kobolds
  3 bullfrogs
  A scorpion (D:5)
  4 killer bees (D:8)
  3 wights (D:7)
  2 electric eels (D:8)
  4 crimson imps
  7 hounds
  A bullfrog zombie (D:7)
  2 centaur zombies
  2 jellies (D:7)
  11 orc wizards
  3 orc priests
  A gnoll shaman (D:4)
  An iguana (D:4)
  Natasha (thrice) (D:4)
  7 worker ants
  A mummy (D:7)
  A howler monkey zombie (D:5)
  8 gnolls
  3 river rats
  8 adders
  A shadow imp (D:6)
  An adder skeleton (D:8)
  An adder zombie (D:5)
  4 worms
  2 dart slugs
  5 leopard geckos
  30 orcs
  3 giant cockroaches
  13 goblins
  7 hobgoblins
  10 jackals
  4 quokkas
  3 ball pythons
  3 bats
  2 frilled lizards
  11 kobolds
  A leopard gecko skeleton (D:8)
  2 leopard gecko zombies
  2 quokka zombies
  13 rats
232 creatures vanquished.

Vanquished Creatures (others)
  An orc wizard (D:5)
  A worker ant (D:5)
  An orc (D:4)
  A jackal (D:8)
4 creatures vanquished.

Grand Total: 236 creatures vanquished

Notes
Turn   | Place    | Note
-------+----------+-------------------------------------------
     0 | D:1      | ned the Minotaur Gladiator began the quest for the Orb.
     0 | D:1      | Reached XP level 1. HP: 18/18 MP: 0/0
   175 | D:1      | Reached XP level 2. HP: 10/25 MP: 1/1
   190 | D:1      | Reached skill level 4 in Axes
   435 | D:1      | Reached skill level 1 in Armour
   975 | D:2      | Reached XP level 3. HP: 27/30 MP: 2/2
  1030 | D:2      | You fall through a shaft!
  1227 | D:3      | Found a glowing silver altar of Zin.
  1302 | D:3      | Reached XP level 4. HP: 38/38 MP: 3/3
  1510 | D:3      | Reached skill level 5 in Axes
  1742 | D:3      | Noticed an ogre
  1749 | D:3      | Killed an ogre
  1749 | D:3      | Reached XP level 5. HP: 46/46 MP: 4/4
  1883 | D:4      | Noticed Edmund
  1890 | D:4      | Reached XP level 6. HP: 51/52 MP: 5/5
  1901 | D:4      | Killed Edmund
  1901 | D:4      | Reached skill level 6 in Axes
  2021 | D:4      | HP: 2/53 [ogre/+0 giant spiked club (32)]
  2287 | D:4      | Gained mutation: You occasionally shout uncontrollably at
                  | your foes. [potion of mutation]
  2287 | D:4      | Gained mutation: You have a somewhat thin skeletal
                  | structure. (Dex +2, Stealth) [potion of mutation]
  2287 | D:4      | Lost mutation: You occasionally shout uncontrollably at
                  | your foes. [potion of mutation]
  2287 | D:4      | Gained mutation: You are robust. (+10% HP) [potion of
                  | mutation]
  2405 | D:4      | Noticed Natasha
  2415 | D:4      | Reached XP level 7. HP: 8/66 MP: 6/6
  2419 | D:4      | Killed Natasha
  2450 | D:4      | Reached skill level 5 in Dodging
  2456 | D:4      | Found a glowing drain.
  2461 | Sewer    | Entered a sewer
  2782 | Sewer    | Reached skill level 7 in Axes
  2810 | Sewer    | Found a glowing silver altar of Zin.
  3026 | D:4      | Noticed Natasha
  3031 | D:4      | Killed Natasha
  3049 | D:4      | Noticed Natasha
  3057 | D:4      | Killed Natasha
  3057 | D:4      | Reached skill level 5 in Fighting
  3196 | D:4      | Found a hazy altar of Hepliaklqana.
  3875 | D:5      | Entered Level 5 of the Dungeon
  3930 | D:5      | Reached XP level 8. HP: 75/75 MP: 7/7
  3973 | D:5      | Reached skill level 8 in Axes
  4107 | D:5      | Reached skill level 5 in Armour
  4124 | D:5      | Lost mutation: You are robust. (+10% HP) [potion of
                  | mutation]
  4124 | D:5      | Gained mutation: Your body sometimes deteriorates upon
                  | taking damage. [potion of mutation]
  4124 | D:5      | Gained mutation: You evolve. [potion of mutation]
  4164 | D:5      | Gained mutation: Scrolls take you a little longer to read.
                  | [evolution]
  4195 | D:5      | Learned a level 2 spell: Ensorcelled Hibernation
  4199 | D:5      | Learned a level 3 spell: Confuse
  4538 | D:5      | Found a staircase to the Ecumenical Temple.
  4553 | Temple   | Entered the Ecumenical Temple
  4642 | Temple   | Became a worshipper of Warmaster Okawaru
  5333 | D:7      | Noticed a hornet
  5336 | D:7      | Reached skill level 1 in Evocations
  5339 | D:7      | Paralysed by a hornet for 2 turns
  5343 | D:6      | Paralysed by a hornet for 1 turns
  5347 | D:6      | Killed a hornet
  5347 | D:6      | Reached * piety under Okawaru
  5347 | D:6      | Reached skill level 9 in Axes
  5347 | D:6      | Reached skill level 1 in Ice Magic
  5484 | D:7      | Reached skill level 1 in Spellcasting
  5484 | D:7      | Reached skill level 1 in Hexes
  5529 | D:7      | Reached XP level 9. HP: 68/75 MP: 9/9
  5542 | D:7      | Reached ** piety under Okawaru
  5684 | D:7      | Found a snail-covered altar of Cheibriados.
  6540 | D:7      | Got a dull robe
  6551 | D:7      | Identified the +2 robe of Zin's Generosity {rF+ MR- Stlth+}
                  | (You found it on level 7 of the Dungeon)
  6700 | D:8      | Noticed Harold
  6728 | D:7      | HP: 5/117 [poisoned by a worker ant]
  6733 | D:7      | HP: 3/78 [poisoned by a worker ant]
  6741 | D:7      | HP: 3/78 [poisoned by a worker ant]
  7092 | D:8      | Killed Harold
  7092 | D:8      | Reached *** piety under Okawaru
  7092 | D:8      | Reached skill level 10 in Axes
  7247 | D:8      | Gained mutation: You are partially covered in icy blue
                  | scales. (AC +2) [evolution]
  7247 | D:8      | Lost mutation: You evolve. [end of evolution]
  7428 | D:8      | Found a staircase to the Lair.
  7438 | D:9      | Reached XP level 10. HP: 60/86 MP: 12/12
  7681 | D:8      | Reached **** piety under Okawaru
  7923 | D:9      | Found a radiant altar of Vehumet.
  7933 | D:9      | Identified the +8 great mace of Nuheto Peaph {drain, rC+}
  8861 | D:8      | HP: 3/86 [something/puff of flame (10)]
  9318 | D:8      | Noticed Erica
  9677 | D:8      | Killed Erica
  9677 | D:8      | Received a gift from Okawaru
  9677 | D:8      | Reached ***** piety under Okawaru
  9861 | Lair:1   | Entered Level 1 of the Lair of Beasts
  9925 | Lair:1   | Found a runed translucent door.
  9926 | Lair:1   | Noticed BigBluFrog's ghost (journeyman BaAK)
 10220 | Lair:1   | Reached skill level 11 in Axes
 10757 | Lair:1   | HP: 2/88 [yak (7)]
 10760 | Lair:1   | Slain by a yak

Skill      XL: |  1  2  3  4  5  6  7  8  9 10 |
---------------+-------------------------------+-----
Axes           | 4 5 6 7 9 10 11 | 11.3
Armour         | 1 2 3 4 5 6 7 |  7.5
Fighting       | 3 4 5 6 7 8 |  8.0
Dodging        | 4 5 6 7 |  7.8
Evocations     | 1 2 3 |  3.8
Ice Magic      | 1 2 3 |  3.2
Spellcasting   | 1 2 |  2.9
Hexes          | 1 2 |  2.9
Throwing       | |  2.0

Action                   |  1- 3 |  4- 6 |  7- 9 | 10-12 || total
-------------------------+-------+-------+-------+-------++-------
Melee: War axe           |    72 |   113 |   284 |   200 ||   669
       Headbutt          |    11 |    22 |    63 |    47 ||   143
Throw: Throwing net      |       |       |       |     4 ||     4
 Abil: Evoke Flight      |       |       |     1 |       ||     1
Evoke: Wand              |       |       |     1 |     4 ||     5
  Use: Scroll            |     3 |     4 |     3 |     1 ||    11
       Potion            |       |     9 |     5 |     2 ||    16
 Stab: Paralysed         |       |       |    11 |       ||    11
       Held in net/web   |       |       |       |     2 ||     2
  Eat: Chunk             |     1 |     4 |     9 |     3 ||    17
       Ration            |       |       |     2 |     2 ||     4
Armor: Chain mail        |    44 |    76 |   168 |   116 ||   404
Dodge: Dodged            |    31 |    42 |   192 |   115 ||   380
